 Dungeon Crawl Stone Soup version 0.31-a0-43-g46d131a48f (webtiles) character file.

Game seed: 10744302304997643445

52 pk666 the Firebug (level 3, -3/19 HPs)
             Began as a Deep Elf Fire Elementalist on May 18, 2023.
             Slain by a gnoll
             ... wielding a +0 club
              (6 damage)
             ... on level 2 of the Dungeon.
             The game lasted 00:01:33 (1336 turns).

pk666 the Firebug (Deep Elf Fire Elementalist)      Turns: 1336, Time: 00:01:33

Health: -3/19      AC:  2    Str:  5    XL:     3   Next: 60%
Magic:  8/10       EV: 13    Int: 21    God:
Gold:   47         SH:  0    Dex: 15    Spells: 6/9 levels left

rFire   . . .        (no weapon)
rCold   . . .        (no shield)
rNeg    . . .        a - +0 robe
rPois   .            (no helmet)
rElec   .            (no cloak)
rCorr   .            (no gloves)
SInv    .            (no boots)
Will    .....        (no amulet)
Stlth   ++           (no ring)
HPRegen 0.23/turn    (no ring)
MPRegen 0.12/turn

%: no passive effects
@: no status effects
A: no striking features
a: no special abilities


You were on level 2 of the Dungeon.
You visited 1 branch of the dungeon, and saw 2 of its levels.

You collected 47 gold pieces.

Inventory:

Armour
 a - a +0 robe (worn)
Scrolls
 c - 2 scrolls of enchant weapon {unknown}
 d - 3 scrolls of identify {unknown}
 e - a scroll of fear {unknown}
 h - a scroll of summoning {unknown}
 j - a scroll of poison {unknown}
 k - a scroll of blinking {unknown}
Potions
 f - a potion of haste {unknown}
 g - a potion of flight {unknown}
 i - 3 potions of heal wounds {unknown}


   Skills:
 + Level 3.2 Dodging
 - Level 2.4 Stealth
 + Level 3.7 Spellcasting
 + Level 2.1 Conjurations
 + Level 3.8 Fire Magic


You had 6 spell levels left.
You knew the following spells:

 Your Spells              Type           Power      Damage    Failure   Level
a - Foxfire               Conj/Fire      64%        2x1d7     3%          1
b - Scorch                Fire           38%        2d6       3%          2

Your spell library contained the following spells:

 Spells                   Type           Power      Damage    Failure   Level
 Sting                    Tmut/Pois      12%        1d3       12%         1
 Inner Flame              Hex/Fire       11%        N/A       17%         3
 Volatile Blastmotes      Fire/Tloc      22%        2d11      17%         3
 Poisonous Vapours        Pois/Air       6%         N/A       19%         2
 Flame Wave               Conj/Fire      16%        2d7       34%         4
 Olgreb's Toxic Radiance  Pois           3%         N/A       77%         4
 Petrify                  Tmut/Erth      3%         N/A       77%         4
 Metabolic Englaciation   Hex/Ice        1%         N/A       98%         5
 Statue Form              Tmut/Erth      2%         N/A       100%        6


Dungeon Overview and Level Annotations

Branches:
Dungeon (2/15)

Altars:


Message History

The gnoll closely misses you.
Casting: Foxfire (safe; 3% risk of failure)
Confirm with . or Enter, or press ? or * to list all spells.
You conjure some foxfire!
The gnoll hits you from afar with a +0 halberd.
The foxfire hits the gnoll.
The gnoll is lightly wounded.
The foxfire hits the gnoll.
The gnoll is moderately wounded.
The gnoll barely misses you.
Casting: Foxfire (safe; 3% risk of failure)
Confirm with . or Enter, or press ? or * to list all spells.
You conjure some foxfire!
The gnoll barely misses you.
The foxfire hits the gnoll.
The gnoll is severely wounded.
The gnoll hits you from afar with a +0 halberd!
Ouch! That really hurt!
* * * LOW HITPOINT WARNING * * *
The foxfire hits the gnoll but does no damage.
The gnoll is severely wounded.
You are too injured to fight recklessly!
Casting: Foxfire (safe; 3% risk of failure)
Confirm with . or Enter, or press ? or * to list all spells.
Flames lash the gnoll.
You kill the gnoll!
Casting: Scorch (safe; 3% risk of failure)
Confirm with . or Enter, or press ? or * to list all spells.
You conjure some foxfire!
The foxfire hits the gnoll.
The gnoll is moderately wounded.
The foxfire hits the gnoll.
The gnoll is severely wounded.
Magic courses through your body. The gnoll closely misses you.
You are too injured to fight recklessly!
Casting: Foxfire (safe; 3% risk of failure)
Confirm with . or Enter, or press ? or * to list all spells.
Flames lash the gnoll.
The gnoll is severely wounded.
The gnoll's fire resistance burns away.
The gnoll hits you with a +0 club.
You die...

.. . #.
#†###
#...#
###)#####
#...)[..#
#...gg..#
#....@..#
#########


You could see 2 gnolls.

Vanquished Creatures
  An adder (D:2)
  A gnoll (D:2)
  A dart slug (D:1)
  A bat (D:1)
  2 endoplasms
  3 goblins
  3 hobgoblins
  3 jackals (D:2)
  2 quokkas (D:1)
  3 ball pythons
  A frilled lizard (D:2)
  6 kobolds
  3 rats
30 creatures vanquished.

Vanquished Creatures (others)
  103 foxfires
103 creatures vanquished.

Grand Total: 133 creatures vanquished

Notes
Turn   | Place    | Note
-------+----------+-------------------------------------------
     0 | D:1      | pk666 the Deep Elf Fire Elementalist began the quest for
                  | the Orb.
     0 | D:1      | Reached XP level 1. HP: 10/10 MP: 6/6
   268 | D:1      | Reached XP level 2. HP: 15/15 MP: 2/8
   271 | D:1      | Learned a level 2 spell: Scorch
  1053 | D:2      | Reached XP level 3. HP: 14/19 MP: 2/10
  1336 | D:2      | Slain by a gnoll

Illustrated notes

Levels and vault maps discovered:
D:1:      minmay_arrival_four_circles, layout_basic
D:2:      layout_rooms

Skill      XL: |  1  2  3 |
---------------+----------+-----
Dodging        | 3 |  3.2
Conjurations   | 2 |  2.1
Stealth        | |  2.4
Spellcasting   | |  3.7
Fire Magic     | |  3.8

Action                     || total
---------------------------++-------
   Cast: Foxfire           ||    57
         Scorch            ||     2
    Use: Potion            ||     1
 Armour: Robe              ||     4
  Dodge: Dodged            ||    18

Table legend: (Time is in decaauts)
 A = Elapsed time spent in this place.
 B = Non-inter-level travel time spent in this place.
 C = Inter-level travel time spent in this place.
 D = Time resting spent in this place.
 E = Time spent auto-exploring this place.
 F = Levels seen in this place.
 G = Mean time per level.
                   A        B        C        D        E       F      G
               +--------+--------+--------+--------+--------+-----+--------+
         Total |   1335 |   1295 |     40 |     65 |   1056 |   2 |  667.5 |
       Dungeon |   1335 |   1295 |     40 |     65 |   1056 |   2 |  667.5 |
               +--------+--------+--------+--------+--------+-----+--------+

Top non-repeatable levels by time:
     D:1: 1041 daAuts
     D:2: 294 daAuts
